 Dungeon Crawl Stone Soup version 0.19.0-19-g8c6edcc (webtiles) character file.

1261 Jannitor the Skirmisher (level 8, -4/57 HPs)
             Began as a Demonspawn Fighter on Nov 14, 2016.
             Was an Initiate of Hepliaklqana.
             Slain by an orc warrior
             ... wielding a +2 dire flail of venom
              (6 damage)
             ... on level 6 of the Dungeon.
             The game lasted 00:11:11 (4185 turns).

Jannitor the Skirmisher (Demonspawn Fighter)        Turns: 4185, Time: 00:11:12

Health: -4/57      AC: 11    Str: 18    XL:     8   Next: 27%
Magic:  0/2        EV: 11    Int: 11    God:    Hepliaklqana [......]
Gold:   299        SH:  0    Dex: 12    Spells: 0 memorised, 7 levels left

rFire  . . .     SeeInvis +     u - +2 scythe (antimagic)
rCold  . . .     Gourm    .     b - +0 scale mail
rNeg   . . .     Faith    .     (shield currently unavailable)
rPois  .         Spirit   +     (no helmet)
rElec  .         Reflect  .     (no cloak)
rCorr  .         Harm     .     m - +1 pair of gloves
MR     .....                    o - +0 pair of boots
Stlth  ..........               (no amulet)
                                (no ring)
                                j - ring of see invisible

@: lethally poisoned (-4 -> -35)
A: reduced essence, talons 1, repulsion field 1, magic shield, magic
regeneration
a: Recall Ancestor, Ancestor Identity, Renounce Religion


You were on level 6 of the Dungeon.
You worshipped Hepliaklqana.
Hepliaklqana was noncommittal.
You were hungry.

You visited 2 branches of the dungeon, and saw 6 of its levels.

You collected 299 gold pieces.

Inventory:

Hand Weapons
 a - a +0 trident
 u - a +2 antimagic scythe (weapon)
Armour
 b - a +0 scale mail (worn)
 c - a +0 shield
 k - a +0 plate armour
 m - a +1 pair of gloves (worn)
 o - a +0 pair of boots (worn)
Jewellery
 j - a ring of see invisible (left hand)
 t - an uncursed ring of see invisible
Wands
 d - a wand of lightning (9/15)
 p - a wand of acid (9/15)
Scrolls
 e - a scroll of enchant weapon {unknown}
 g - a scroll of noise {unknown}
 h - a scroll of remove curse {unknown}
 i - 4 scrolls of identify {unknown}
 l - a scroll of fog {unknown}
 q - a scroll of immolation {unknown}
 s - a scroll of teleportation {unknown}
Potions
 n - a potion of haste
Comestibles
 f - 4 bread rations
 r - a meat ration


   Skills:
 + Level 6.0 Fighting
 + Level 5.0 Polearms
 + Level 5.5 Armour
 - Level 4.6 Shields


You had 7 spell levels left.
You didn't know any spells.

Dungeon Overview and Level Annotations

Branches:
Dungeon (6/15)             Temple (1/1) D:5

Altars:
Ashenzari
Dithmenos
Elyvilon
Gozag
Hepliaklqana
Kikubaaqudgha
Okawaru
Sif Muna
Uskayaw
Xom
Yredelemnul


Innate Abilities, Weirdness & Mutations

You have sharp toenails.
You are surrounded by a mild repulsion field. (EV +2)
When hurt, damage is shared between your health and your magic reserves.
You regenerate magic rapidly.
Your life essence is reduced. (-10% HP)


Message History

The orc warrior hits you with a dire flail of venom!!
* * * LOW HITPOINT WARNING * * *
You are lethally poisoned!
Merenptah barely misses the orc warrior.
The orc wizard hits Merenptah with a dagger.
The orc warrior hits you with a dire flail of venom!
* * * LOW HITPOINT WARNING * * *
You are more poisoned.
Merenptah hits the orc wizard.
Unknown command.
You closely miss the orc warrior.
The orc warrior is almost dead.
* * * LOW HITPOINT WARNING * * *
You feel very sick.
The orc wizard points at you and mumbles some strange words.
The magic dart hits Merenptah.
The orc warrior barely misses you.
Merenptah barely misses the orc wizard.
The orc wizard closely misses Merenptah.
The orc warrior hits you with a dire flail of venom!
You die...

#......###...##
#.####.##.....# #####
####.##..........#
#...####.##.##(#.##.....#
#...o..........#.###...##
#...##.o...>####.# ##.##
####.####...#.# #.# #.#
...o.# ##.##o####.# #.#
o##### #.##.Ro@..# #.# (#
#.######### #.# .## ##'##
#.# ..# ##...## #.# ..#
##.....## ####.# ..#
##.......## ##.##)#
..####.........####...#)#
.....).).......'........#
..####........%####...#.####


You could see the friendly Merenptah the ancestor, an orc warrior and an orc
wizard (invisible).

Vanquished Creatures
  Menkaure (D:5)
  An ogre (D:5)
  A centaur (D:5)
  A bullfrog (D:6)
  Dowan (D:6)
  A howler monkey (D:6)
  A quasit (D:5)
  2 hounds
  An orc wizard (D:6)
  An iguana (D:5)
  5 adders
  An ooze (D:1)
  3 worms
  7 orcs
  A ball python (D:2)
  3 giant cockroaches
  6 goblins
  6 hobgoblins
  2 jackals (D:1)
  3 quokkas
  4 bats
  2 frilled lizards (D:1)
  4 kobolds
  8 rats
66 creatures vanquished.

Vanquished Creatures (collateral kills)
  Sigmund (D:6)
  Eustachio (D:6)
  Duvessa (D:6)
  A crimson imp (D:5)
  A bullfrog zombie (D:5)
  A hound skeleton (D:6)
  A leopard gecko (D:5)
  An orc (D:5)
8 creatures vanquished.

Vanquished Creatures (others)
  The ghost of Gottschkopf the Thaumaturge, a novice DECj (D:5)
  4 ancestors (D:6)
  2 fulminant prisms (D:5)
7 creatures vanquished.

Grand Total: 81 creatures vanquished

Notes
Turn   | Place    | Note
-------+----------+-------------------------------------------
     0 | D:1      | Jannitor the Demonspawn Fighter began the quest for the Orb.
     0 | D:1      | Reached XP level 1. HP: 18/18 MP: 1/1
    70 | D:1      | Gained mutation: You have sharp toenails. [demonic ancestry]
    70 | D:1      | Reached XP level 2. HP: 10/24 MP: 2/2
   753 | D:1      | Reached XP level 3. HP: 11/29 MP: 3/3
  1574 | D:3      | Gained mutation: When hurt, damage is shared between your health and your magic reserves. [demonic ancestry]
  1574 | D:3      | Reached XP level 4. HP: 31/37 MP: 4/4
  2148 | D:3      | You fall through a shaft for 2 floors!
  2148 | D:5      | Entered Level 5 of the Dungeon
  2172 | D:5      | Noticed Menkaure
  2173 | D:5      | Noticed a centaur
  2192 | D:5      | HP: 1/37 [Menkaure (19)]
  2198 | D:5      | Killed a centaur
  2198 | D:5      | Reached skill level 4 in Fighting
  2198 | D:5      | Reached XP level 5. HP: 18/42 MP: 3/5
  2200 | D:5      | Killed Menkaure
  2379 | D:5      | Gained mutation: You are surrounded by a mild repulsion field. (EV +2) [demonic ancestry]
  2379 | D:5      | Reached XP level 6. HP: 47/49 MP: 6/6
  2472 | D:5      | Noticed Gottschkopf's ghost (novice DECj)
  2507 | D:5      | Killed Gottschkopf's ghost
  2843 | D:5      | Gained mutation: You regenerate magic rapidly. [demonic ancestry]
  2843 | D:5      | Reached XP level 7. HP: 39/55 MP: 4/7
  2973 | D:5      | Found a staircase to the Ecumenical Temple.
  2983 | Temple   | Entered the Ecumenical Temple
  3105 | Temple   | Became a worshipper of Hepliaklqana the Forgotten
  3304 | D:5      | Reached skill level 5 in Fighting
  3337 | D:6      | Noticed Sigmund
  3599 | D:6      | Killed Sigmund
  3629 | D:6      | Noticed Duvessa
  3629 | D:6      | Noticed Dowan
  3642 | D:6      | Killed Duvessa
  3642 | D:6      | Reached skill level 5 in Armour
  3647 | D:6      | Killed Dowan
  3713 | D:6      | Reached XP level 8. HP: 54/57 MP: 2/8
  3794 | D:6      | Noticed Eustachio
  3856 | D:6      | Killed Eustachio
  3856 | D:6      | Reached skill level 6 in Fighting
  3856 | D:6      | Reached skill level 5 in Polearms
  4185 | D:6      | HP: 2/57 [poisoned by an orc warrior]
  4185 | D:6      | Slain by an orc warrior

Skill      XL: |  1  2  3  4  5  6  7  8 |
---------------+-------------------------+-----
Armour         | 3 4 5 |  5.5
Polearms       | 2 3 4 5 |  5.0
Shields        | 3 4 |  4.6
Fighting       | 4 5 6 |  6.0

Action                   |  1- 3 |  4- 6 |  7- 9 || total
-------------------------+-------+-------+-------++-------
Melee: Trident           |   185 |   129 |    42 ||   356
       Kick              |    15 |       |       ||    15
       Scythe            |       |       |    73 ||    73
  Use: Potion            |       |     8 |       ||     8
 Stab: Distracted        |       |       |     2 ||     2
  Eat: Chunk             |     2 |     5 |     4 ||    11
Armor: Scale mail        |    99 |    74 |    80 ||   253
       Skin              |       |     4 |       ||     4
Dodge: Dodged            |    47 |    50 |    99 ||   196
Block: Shield            |    85 |    66 |    28 ||   179
